 Dungeon Crawl Stone Soup version 0.31-a0-1321-g5021b54cb2 (webtiles) character file.

Game seed: 734752326872980798

555888 DoNotCum the Archmage (level 24, -2/127 HPs)
             Began as a Deep Elf Conjurer on Dec 19, 2023.
             Was the Champion of Vehumet.
             Slain by a spriggan defender
             ... wielding a +0 demon whip of electrocution
             ... led by the Enchantress
              (21 damage)
             ... on level 4 of the Depths on Dec 20, 2023.
             The game lasted 05:05:29 (74100 turns).

DoNotCum the Archmage (Deep Elf Conjurer)          Turns: 74100, Time: 05:05:29

Health: -2/127     AC: 14    Str:  4    XL:     24   Next: 61%
Magic:  1/56       EV: 18    Int: 36    God:    Vehumet [******]
Gold:   7409       SH:  9    Dex: 13    Spells: 16/77 levels left

rFire   + . .        L - staff of conjuration
rCold   + + +        a - +3 buckler {reflect}
rNeg    + + .        e - +4 skin of Zhor {*Englaciate rC+++ SInv}
rPois   +            j - -2 hat of the Alchemist {rElec rPois rF+ rC+ rN+ Will+ rMut rCorr}
rElec   +            c - +2 cloak
rCorr   +            S - +2 pair of gloves
SInv    +            d - +2 pair of boots {Stlth+}
Will    ++++.        o - amulet of magic regeneration
Stlth   +++++        i - ring of willpower
HPRegen 0.41/turn    C - ring of positive energy
MPRegen 0.75/turn

%: reflection, resist mutation
@: very slightly contaminated
A: no striking features
}: 4/15 runes: serpentine, barnacled, slimy, silver
a: Renounce Religion


You were on level 4 of the Depths.
You worshipped Vehumet.
Vehumet was exalted by your worship.
You visited 11 branches of the dungeon, and saw 49 of its levels.
You also visited: Ice Cave.

You collected 8941 gold pieces.
You spent 1532 gold pieces at shops.

Inventory:

Missiles
 O - 2 throwing nets
Armour
 a - a +3 buckler of reflection (worn)
 c - a +2 cloak (worn)
 d - a +2 pair of boots of stealth (worn)
 e - the +4 skin of Zhor (worn) {*Englaciate rC+++ SInv}
   (You found it on level 1 of the Orcish Mines)

   *Englaciate: It radiates cold, occasionally slowing all nearby creatures who
   are not resistant to cold.
   rC+++:     It renders you almost immune to cold.
   SInv:      It lets you see invisible.
 j - the -2 hat of the Alchemist (worn) {rElec rPois rF+ rC+ rN+ Will+ rMut rCorr}
   (You found it on level 13 of the Dungeon)

   rF+:       It protects you from fire.
   rC+:       It protects you from cold.
   rElec:     It insulates you from electricity.
   rPois:     It protects you from poison rN+: It protects you from negative
   energy.
   Will+:     It increases your willpower.
   rCorr:     It protects you from acid and corrosion.
   rMut:      It protects you from mutation.
 A - a +1 kite shield of positive energy
 D - a +0 pair of boots of flying
 S - a +2 pair of gloves (worn)
 V - the +3 salamander hide armour {Flames, rFlCloud rF++ rC--}
   (You bought it in a shop on level 2 of the Snake Pit)

   Flames:    It surrounds you with flame clouds and enhances your fire magic.
   rFlCloud:  It grants immunity to flame clouds.
   rF++:      It greatly protects you from fire.
   rC--:      It makes you very vulnerable to cold.
Magical Staves
 r - a staff of air
 F - a staff of earth
 L - a staff of conjuration (weapon)
Jewellery
 i - a ring of willpower (left hand)
 o - an amulet of magic regeneration (around neck)
 y - a ring of protection from fire
 C - a ring of positive energy (right hand)
 N - a ring of positive energy
 U - the ring "Niennuen" {*Slow +Blink AC+4 Int+2 SInv}
   (You found it on level 5 of the Pits of Slime)

   [ring of protection]

   AC+4:      It affects your AC (+4).
   Int+2:     It affects your intelligence (+2).
   SInv:      It lets you see invisible.
   +Blink:    It lets you blink.
   *Slow:     It may slow you when you take damage.
 X - a ring of protection from cold
Wands
 q - a wand of digging (8)
 u - a wand of iceblast (37)
 Q - a wand of quicksilver (7)
Scrolls
 f - a scroll of summoning
 g - 24 scrolls of teleportation
 n - 8 scrolls of vulnerability
 s - 6 scrolls of noise
 v - 2 scrolls of brand weapon
 G - 6 scrolls of amnesia
 H - 9 scrolls of immolation
 I - 5 scrolls of enchant weapon
 J - 2 scrolls of silence
 K - 3 scrolls of blinking
 M - 8 scrolls of revelation
 P - 4 scrolls of fear
 T - 2 scrolls of enchant armour
 W - 2 scrolls of fog
 Z - 7 scrolls of poison
Potions
 b - 2 potions of magic
 h - 5 potions of ambrosia
 k - 3 potions of haste
 l - 3 potions of brilliance
 m - 7 potions of enlightenment
 p - 4 potions of attraction
 t - 17 potions of curing
 w - 3 potions of heal wounds
 x - a potion of resistance
 z - 5 potions of cancellation
 E - 3 potions of lignification
 Y - 2 potions of invisibility


   Skills:
 - Level 6.0 Fighting
 - Level 8.0 Armour
 - Level 15.0 Dodging
 - Level 10.0 Stealth
 - Level 10.0 Shields
 O Level 27 Spellcasting
 * Level 19.0 Conjurations
 - Level 21.3 Hexes
 - Level 10.0 Summonings
 - Level 5.0 Translocations
 + Level 21.7 Air Magic
 - Level 12.0 Earth Magic


You had 16 spell levels left.
You knew the following spells:

 Your Spells              Type           Power      Damage    Failure   Level
a - Bombard               Conj/Erth      63%        9d10      1%          6
b - Magic Dart            Conj           100%       1d8       0%          1
c - Fulminant Prism       Conj/Alch      54%        3d23      1%          4
d - Iskenderun's Mystic   Conj/Tloc      100%       2d19      1%          4
e - Chain Lightning       Conj/Air       69%        3d92      4%          9
f - Maxwell's Capacitive  Air            58%        ∞         1%          8
g - Spellforged Servitor  Conj/Summ      62%        N/A       1%          7
h - Passwall              Alch/Erth      62%        N/A       1%          2
i - Lee's Rapid Deconstr  Erth           47%        3d22*     1%          5
j - Discord               Hex            58%        N/A       1%          8
k - Enfeeble              Hex            58%        N/A       1%          7

Your spell library contained the following spells:

 Spells                   Type           Power      Damage    Failure   Level
 Lehudib's Crystal Spear  Conj/Erth      63%        10d14     1%          8
 Shatter                  Erth           47%        3d36*     71%         9
 Kiss of Death            Conj/Necr      100%       2d13      0%          1
 Sandblast                Erth           100%       2d20      0%          1
 Sting                    Conj/Alch      100%       1d9       0%          1
 Summon Small Mammal      Summ           100%       N/A       0%          1
 Call Imp                 Summ           100%       N/A       0%          2
 Ensorcelled Hibernation  Hex/Ice        100%       N/A       0%          2
 Jinxbite                 Hex            100%       N/A       0%          2
 Mercury Vapours          Alch/Air       100%       N/A       0%          2
 Searing Ray              Conj           100%       2d8       0%          2
 Static Discharge         Conj/Air       100%       3-8/arc   0%          2
 Dazzling Flash           Conj/Hex       100%       N/A       0%          3
 Inner Flame              Hex/Fire       90%        N/A       0%          3
 Mephitic Cloud           Conj/Alch/Air  100%       N/A       0%          3
 Sigil of Binding         Hex            100%       N/A       0%          3
 Stone Arrow              Conj/Erth      100%       3d13      0%          3
 Summon Guardian Golem    Hex/Summ       100%       N/A       0%          3
 Tukima's Dance           Hex            100%       N/A       0%          3
 Airstrike                Air            58%        2d(9-25)  0%          4
 Brom's Barrelling Bould  Conj/Erth      100%       2d11      0%          4
 Summon Lightning Spire   Summ/Air       100%       N/A       0%          4
 Iskenderun's Battlesphe  Conj           100%       2d15      0%          5
 Conjure Ball Lightning   Conj/Air       69%        3x3d26    0%          6
 Apportation              Tloc           100%       N/A       1%          1
 Freeze                   Ice            100%       1d10      1%          1
 Necrotise                Necr           100%       1d9       1%          1
 Cigotuvi's Dreadful Rot  Necr/Alch/Air  100%       N/A       1%          2
 Lesser Beckoning         Tloc           100%       N/A       1%          2
 Sublimation of Blood     Necr           48%        N/A       1%          2
 Call Canine Familiar     Summ           88%        N/A       1%          3
 Frozen Ramparts          Ice            96%        1d15      1%          3
 Fugue of the Fallen      Necr           48%        N/A       1%          3
 Gell's Gravitas          Tloc           71%        N/A       1%          3
 Hailstorm                Conj/Ice       100%       3d16      1%          3
 Ozocubu's Armour         Ice            48%        N/A       1%          3
 Teleport Other           Tloc           71%        N/A       1%          3
 Vampiric Draining        Necr           48%        2d9       1%          3
 Volatile Blastmotes      Fire/Tloc      100%       2d18      1%          3
 Anguish                  Hex/Necr       45%        N/A       1%          4
 Animate Armour           Summ/Erth      100%       N/A       1%          4
 Dimensional Bullseye     Hex/Tloc       48%        N/A       1%          4
 Flame Wave               Conj/Fire      100%       2d21      1%          4
 Ignite Poison            Fire/Alch      48%        N/A       1%          4
 Leda's Liquefaction      Alch/Erth      37%        N/A       1%          4
 Olgreb's Toxic Radiance  Alch           48%        N/A       1%          4
 Passage of Golubria      Tloc           71%        N/A       1%          4
 Petrify                  Alch/Erth      75%        N/A       1%          4
 Summon Ice Beast         Ice/Summ       71%        N/A       1%          4
 Borgnjor's Vile Clutch   Necr/Erth      37%        N/A       1%          5
 Fireball                 Conj/Fire      54%        3d21      1%          5
 Freezing Cloud           Conj/Ice/Air   60%        6-21      1%          5
 Irradiate                Conj/Alch      54%        3d29      1%          5
 Metabolic Englaciation   Hex/Ice        45%        N/A       1%          5
 Summon Forest            Summ/Tloc      40%        N/A       1%          5
 Yara's Violent Unravell  Hex/Alch       45%        3d18      1%          5
 Starburst                Conj/Fire      54%        6d15      1%          6
 Orb of Destruction       Conj           67%        9d16      1%          7
 Animate Dead             Necr           48%        N/A       6%          4
 Sticky Flame             Fire/Alch      48%        2d9       6%          4
 Summon Hydra             Summ           44%        N/A       9%          7
 Agony                    Necr           48%        N/A       17%         5
 Alistair's Intoxication  Alch           32%        N/A       17%         5
 Eringya's Noxious Bog    Alch           24%        4d6       24%         6
 Malign Gateway           Summ/Tloc      40%        N/A       24%         7
 Haunt                    Necr/Summ      35%        N/A       56%         7
 Summon Horrible Things   Summ           44%        N/A       56%         8
 Death Channel            Necr           24%        N/A       67%         6
 Simulacrum               Ice/Necr       24%        N/A       67%         6
 Ozocubu's Refrigeration  Ice            24%        4d12      75%         7
 Ignition                 Fire           24%        3d8       100%        8
 Infestation              Necr           24%        N/A       100%        8


Dungeon Overview and Level Annotations

Branches:
Dungeon (15/15)            Temple (1/1) D:7            Lair (5/5) D:10
 Shoals (4/4) Lair:3        Snake (4/4) Lair:2        Slime (5/5) Lair:4
    Orc (2/2) D:9             Elf (1/3) Orc:2        Vaults (5/5) D:13
  Crypt (3/3) Vaults:2       Tomb (0/3) Crypt:3      Depths (4/4) D:15
  IceCv (visited)
    Zot: Depths:4

Altars:
Ashenzari
Cheibriados
Dithmenos
Elyvilon
Fedhas
Gozag
Hepliaklqana
Kikubaaqudgha
Makhleb
Nemelex Xobeh
Okawaru
Qazlal
Ru
Sif Muna
Trog
Uskayaw
Vehumet
Wu Jian
Xom
Yredelemnul
Zin
The Shining One
Jiyva
Lugonu

Shops:
D:8 (   Orc:1 =   Orc:2 =[*   Shoals:3 **([   Snake:2 *?([   Snake:4 [:[
Vaults:4 (   Depths:3 **

Portals:
Hell: Depths:1 Depths:2 Depths:3
Abyss: D:3 Depths:2 Depths:3 Depths:4
Pandemonium: Depths:2 Depths:3
Ziggurat: Depths:1

Annotations:
D:3 1 runed translucent door, Crazy Yiuf
Vaults:4 2 transporters


Message History

The white very ugly thing basks in the mutagenic energy from its kin and changes!
A hell knight comes into view. It is wielding a +4 battleaxe.
You hear a shout! x3
Your Conjurations skill increases to level 19!
Casting: Discord (dangerous; 1% risk of failure)
Confirm with . or Enter, or press ? or * to list all spells.
You feel a surge of power!
You miscast Chain Lightning.
You are very lightly contaminated with residual magic.
There is a short, sharp shower of sparks.
You resist.
You block the spriggan defender's attack.
The purple very ugly thing headbutts the spriggan!!
The spriggan dies!
Vehumet accepts your kill.
The spriggan air mage waves its arms in wide circles.
The air twists around and strikes you!
The purple very ugly thing barely misses the spriggan.
The spriggan defender hits you with a +0 demon whip of electrocution.
The spriggan defender attacks as it pursues you!
The spriggan defender hits you with a +0 demon whip of electrocution!!
As you read the scroll of fear, it crumbles to dust.
You assume a fearsome visage.
The spriggan defender resists with almost no effort. x2
The spriggan rider resists with almost no effort.
The glowing orange brain is unaffected.
The purple very ugly thing resists with some effort.
The spriggan defender misses you. Vehumet accepts your kill.
You feel a bit more experienced. x2
Blink to where?
Press: ? - help, Dir - move target
As you read the scroll of blinking, it crumbles to dust.
Casting: Chain Lightning (dangerous; 4% risk of failure)
Confirm with . or Enter, or press ? or * to list all spells.
You feel a surge of power!
You summon a servant imbued with your destructive magic!
The spriggan defender hits you with a +0 demon whip of electrocution!!
* * * LOW HITPOINT WARNING * * *
The spriggan defender hits you with a +0 demon whip of electrocution!!
You die...

.......#..^.#.#...###..⌠..
.......#....#.#.### ....
.......#..###...+ ...
##'######.# ###.### ..
##.# #.# #...#### ⌠ ...#
#.# ###....# .[### #.#
##..### ~~≈≈# #.# #.9##
..#### #.# ##@## ###.#
####.####.# #ii+
####.....# ......^...#
#..###........#
####'####.#
#..i§.........#
.......##.#
#..#.#.i......#
.......##.#
##...#........#
....)..##.# ###.#..i...)..
..))...##.# #.#..)......
.))....##.# #.#..i......


You could see 2 spriggan defenders, a spriggan rider (wandering) and a friendly
spellforged servitor (summoned).

Vanquished Creatures
  A dread lich (Crypt:3)
  An ancient lich (Vaults:5)
  2 juggernauts (Depths:2)
  Bai Suzhen (Crypt:3)
  Boris (Depths:4)
  The ghost of Fiun the Victor of a Thousand Battles, a veteran GnWn of Okawaru (Depths:3)
  A golden dragon (Vaults:5)
  the Enchantress (Depths:4)
  A bone dragon (Crypt:3)
  Rupert (Lair:3)
  3 tentacled monstrosities (Vaults:5)
  A walking earthen tome (Depths:3)
  A walking crystal tome (Depths:3)
  2 liches (Crypt:3)
  2 titans (Vaults:5)
  A quicksilver dragon (Vaults:5)
  A kraken (Shoals:4)
  8 acid blobs
  4 sphinxes
  A walking divine tome (Depths:3)
  Frances (D:14)
  A shadow dragon (Vaults:5)
  5 nagarajas
  9 tengu reavers
  The ghost of Zumaxt the Warrior, an adept DjMo of Fedhas (Orc:1)
  Ilsuiw (Shoals:3)
  5 azure jellies (Slime:5)
  5 fire giants
  8 rockslimes
  7 vault wardens
  2 balrugs
  8 frost giants
  A ghoul (Crypt:1)
  2 orc warlords
  3 curse skulls (Crypt:2)
  10 quicksilver oozes
  Louise (D:14)
  6 very ugly things
  23 ironbound preservers
  9 war gargoyles
  A spriggan defender (Depths:2)
  The ghost of Moomnono the Destroyer, a journeyman BaWn of Hepliaklqana (Orc:1)
  4 formless jellyfish
  10 ironbound thunderhulks
  A juggernaut skeleton (Crypt:3)
  3 vampire knights
  2 deep elf annihilators (Vaults:5)
  4 stone giants
  A deep elf death mage (Crypt:1)
  A minotaur (Shoals:4)
  2 spark wasps
  11 dire elephants
  67 slime creatures
  An eidolon (Crypt:2)
  3 merfolk impalers
  A fire dragon (Depths:4)
  6 ettins
  Josephine (D:14)
  3 jiangshi
  27 vault guards
  2 deep elf high priests (Vaults:5)
  4 yaktaur captains
  6 crystal guardians
  4 hydras
  3 ice dragons
  A salamander tyrant (Snake:4)
  A rakshasa (Depths:3)
  5 peacekeepers
  A jorogumo (shapeshifter) (D:15)
  Erica (D:8)
  4 ogre magi (Orc:2)
  4 merfolk avatars
  4 ironbound frosthearts
  2 centaur warriors
  8 anacondas (Snake:3)
  2 death knights
  2 merfolk aquamancers
  5 boulder beetles
  7 satyrs
  An anaconda (shapeshifter) (Vaults:5)
  12 two-headed ogres
  4 deep troll earth magi
  2 deep troll shamans
  2 spriggan air magi (Depths:2)
  9 death yaks
  9 dancing weapons
  10 naga warriors
  An Orb Guardian skeleton (Crypt:2)
  2 spriggan berserkers (Depths:2)
  6 naga sharpshooters
  An orc high priest (Elf:1)
  2 tengu warriors
  Sonja (Lair:5)
  6 shock serpents
  3 deep elf knights (Elf:1)
  6 hell knights
  A titan skeleton (Crypt:2)
  2 soul eaters
  4 salamander mystics
  4 shadow wraiths (Depths:3)
  3 iron trolls
  16 skeletal warriors
  A sixfirhy (D:9)
  6 skysharks
  9 sea snakes
  A shadow demon (Depths:2)
  The ghost of bmb222 the Black Sun, a novice VSNe of Kikubaaqudgha (D:9)
  45 deep trolls
  3 naga ritualists
  2 glowing orange brains
  5 flayed ghosts
  3 arcanists
  An obsidian statue (Depths:3)
  5 necromancers
  12 ironbound convokers
  14 lindwurms
  23 harpies
  2 deep elf archers (Elf:1)
  5 large abominations (D:10)
  8 phantasmal warriors
  12 deep elf zephyrmancers (Elf:1)
  A faun (shapeshifter) (Vaults:5)
  7 deep elf pyromancers
  9 orc knights
  33 ugly things
  2 orc sorcerers
  A shining eye (Slime:2)
  A moth of wrath (D:9)
  13 mana vipers
  7 cyclopes
  8 manticores
  A salamander (Snake:1)
  5 fauns
  A toenail golem (D:3)
  4 kobold blastminers
  A centaur zombie (Crypt:3)
  9 merfolk sirens
  Maurice (D:8)
  An iron dragon skeleton (Crypt:2)
  9 water nymphs
  A guardian serpent (Snake:4)
  11 vault sentinels
  A water nymph (shapeshifter) (Vaults:5)
  A black mamba (shapeshifter) (Elf:1)
  A stone giant skeleton (Vaults:5)
  2 torpor snails
  3 ice statues (IceCv)
  21 cane toads
  35 black mambas
  A smoke demon (Depths:3)
  13 naga magi
  An eye of devastation (Slime:5)
  17 elephants
  2 gargoyles
  A pale draconian zombie (Crypt:2)
  2 naga skeletons (Crypt:3)
  4 rime drakes
  18 komodo dragons
  16 yaktaurs
  An orb spider zombie (Crypt:1)
  A black draconian zombie (Crypt:2)
  2 freezing wraiths
  A rime drake (shapeshifter) (Elf:1)
  3 tengu conjurers
  2 harpy zombies (Crypt:3)
  7 wind drakes
  6 trolls
  4 polar bears
  6 merfolk
  A harpy skeleton (Crypt:3)
  A wind drake (shapeshifter) (D:15)
  Grinder (D:3)
  21 blink frogs
  5 dream sheep
  A hornet (Depths:2)
  3 tyrant leeches (Lair:5)
  A glass eye (Slime:5)
  4 snapping turtles
  An air elemental (Elf:1)
  A culicivora (shapeshifter) (Vaults:5)
  2 spriggans
  21 flying skulls
  A ynoxinul (Depths:2)
  13 water elementals
  An ettin skeleton (Crypt:2)
  An ice dragon skeleton (Crypt:2)
  2 dire elephant simulacra (IceCv)
  38 yaks
  7 wyverns
  An elf zombie (Vaults:5)
  A fire elemental (Elf:1)
  13 wraiths
  A vampire (D:12)
  4 basilisks
  10 golden eyes
  A steam dragon (shapeshifter) (Vaults:4)
  9 wargs (Orc:2)
  2 steam dragons
  6 humans (D:13)
  4 swamp worms (D:13)
  7 vampire mosquitoes
  Menkaure (D:7)
  49 nagas
  A glowing shapeshifter zombie (Crypt:1)
  22 water moccasins
  Duvessa (D:7)
  33 orc warriors
  5 black bears
  2 ice beasts
  18 wolves
  16 ogres
  15 centaurs
  A phantom (D:7)
  2 kobold brigands
  27 bullfrogs
  A cane toad simulacrum (IceCv)
  An earth elemental (Elf:1)
  3 scorpions
  8 small abominations
  2 necrophages
  10 wights
  Dowan (D:7)
  2 jellies
  5 killer bees (D:8)
  6 electric eels
  6 howler monkeys
  A shapeshifter skeleton (Crypt:1)
  A crimson imp (D:9)
  A quasit (D:9)
  6 hounds
  21 orc priests
  A gnoll bouda (D:5)
  An iron imp (D:3)
  3 sleepcaps
  Terence (D:3)
  3 iguanas
  25 orc wizards
  4 polar bear simulacra (IceCv)
  6 hell rats
  The ghost of parrotman the Trooper, a weakling MiMo (D:3)
  7 adders
  7 gnolls
  9 river rats (Lair:3)
  A steam dragon zombie (Crypt:2)
  3 shadow imps
  3 white imps
  A worm (D:4)
  A dart slug (D:2)
  99 orcs
  4 endoplasms
  2 giant cockroaches
  11 goblins
  11 hobgoblins
  4 jackals (D:3)
  5 kobolds
  6 quokkas
  3 ball pythons
  4 bats (D:1)
  2 frilled lizards (D:1)
  A kobold skeleton (Crypt:1)
  9 rats (Lair:3)
  A rat skeleton (Crypt:1)
  2 fulminant prisms
  A tentacle (Shoals:4)
1617 creatures vanquished.

Vanquished Creatures (collateral kills)
  the Royal Jelly (Slime:5)
  A dread lich (Vaults:5)
  An ancient lich (Vaults:5)
  Mara (Depths:1)
  A juggernaut (Depths:2)
  Xtahua (Vaults:3)
  2 golden dragons
  A tentacled monstrosity (Depths:3)
  Mlioglotl (Snake:1)
  10 acid blobs
  An ancient champion (Crypt:1)
  3 sphinxes
  2 tengu reavers (Vaults:5)
  5 storm dragons
  3 shadow dragons
  A draconian monk (Depths:4)
  4 fire giants (Depths:2)
  2 azure jellies
  A deep elf sorcerer (Vaults:5)
  9 rockslimes
  6 frost giants
  A nagaraja (Snake:4)
  6 vault wardens
  A spriggan defender (Depths:2)
  7 formless jellyfish
  An orc warlord (Vaults:1)
  2 quicksilver oozes (Slime:5)
  2 ironbound preservers (Vaults:5)
  7 very ugly things
  3 vampire knights
  2 war gargoyles
  2 ironbound thunderhulks
  3 stone giants
  2 deep elf annihilators (Vaults:5)
  3 spark wasps (Depths:3)
  A minotaur (Shoals:4)
  3 dire elephants
  2 crystal guardians
  3 merfolk impalers
  A red draconian (Depths:4)
  4 ettins
  3 fire dragons
  4 yaktaur captains
  A deep elf high priest (Vaults:5)
  3 rakshasas (Depths:2)
  A great orb of eyes (Vaults:2)
  2 peacekeepers
  An ogre mage (Vaults:5)
  2 hydras (D:15)
  11 vault guards
  3 spriggan air magi
  An Orb Guardian zombie (Crypt:1)
  3 ironbound frosthearts
  A centaur warrior (Shoals:2)
  A spriggan skeleton (Crypt:3)
  2 dancing weapons (Crypt:3)
  4 deep troll earth magi
  A boulder beetle (D:14)
  3 deep troll shamans
  2 death knights (Crypt:1)
  4 satyrs
  A tengu warrior (Depths:1)
  2 two-headed ogres (Vaults:5)
  2 orc high priests (Elf:1)
  4 naga warriors
  A vampire mage (Crypt:1)
  2 naga sharpshooters
  A titan zombie (Vaults:5)
  2 spriggan berserkers
  2 soul eaters
  8 hell knights
  11 skeletal warriors
  An iron troll (Depths:3)
  2 golden dragon zombies (Crypt:3)
  2 flayed ghosts
  23 deep trolls
  4 sea snakes
  2 naga ritualists
  2 glowing orange brains
  6 ironbound convokers
  A lindwurm (Vaults:2)
  A bunyip skeleton (Crypt:3)
  A phantasmal warrior (Crypt:1)
  A bog body (Crypt:1)
  6 necromancers
  5 harpies
  An anaconda skeleton (Crypt:3)
  A cyclops (Shoals:4)
  6 orc knights
  A wolf spider (D:15)
  4 deep elf pyromancers (Elf:1)
  20 ugly things
  A shining eye (Slime:3)
  2 salamanders
  3 fauns (Shoals:3)
  4 manticores
  5 vault sentinels
  4 black mambas
  5 merfolk sirens
  A water nymph (shapeshifter) (Depths:2)
  2 water nymphs
  A naga mage (Snake:4)
  A stone giant skeleton (Crypt:3)
  A titan simulacrum (Vaults:5)
  A hellion (Depths:3)
  2 eyes of devastation
  2 freezing wraiths (Crypt:1)
  6 yaktaurs
  10 merfolk
  2 wind drakes
  3 glass eyes
  2 dream sheep (Shoals:4)
  An ice dragon zombie (Crypt:1)
  A jumping spider zombie (Crypt:1)
  94 slime creatures
  32 flying skulls
  An ettin skeleton (Crypt:3)
  10 water elementals
  3 spriggans (Depths:4)
  3 wraiths (Crypt:1)
  2 golden eyes (Slime:3)
  A warg (D:15)
  9 nagas
  A deep troll skeleton (Crypt:2)
  3 orc warriors
  An ogre (Vaults:5)
  A necrophage (Crypt:3)
  A basilisk skeleton (Crypt:2)
  A hell rat (Lair:3)
  A crocodile zombie (Crypt:1)
  3 river rats (Lair:3)
  2 rats (Lair:3)
  14 fulminant prisms
535 creatures vanquished.

Vanquished Creatures (others)
  An acid blob (Slime:5)
  A tengu reaver (Depths:2)
  A rockslime (Slime:5)
  An azure jelly (Slime:5)
  A deep elf sorcerer (Vaults:5)
  An ironbound preserver (Vaults:5)
  A war gargoyle (Vaults:5)
  2 very ugly things
  2 vault guards
  A merfolk aquamancer (Shoals:1)
  A two-headed ogre (Vaults:5)
  A deep troll earth mage (Depths:4)
  2 hell knights (Crypt:3)
  A glowing orange brain (Depths:4)
  4 deep trolls
  A necromancer (Vaults:5)
  A faun (Shoals:4)
  A wind drake (Shoals:1)
  5 slime creatures
  A dream sheep (Shoals:4)
  985 fulminant prisms
  8 tentacles (Shoals:4)
1023 creatures vanquished.

Grand Total: 3175 creatures vanquished

Notes
Turn   | Place    | Note
-------+----------+-------------------------------------------
     0 | D:1      | DoNotCum the Deep Elf Conjurer began the quest for the Orb.
     0 | D:1      | Reached XP level 1. HP: 10/10 MP: 6/6
   322 | D:1      | Reached XP level 2. HP: 15/15 MP: 5/8
  1214 | D:2      | Reached skill level 4 in Spellcasting
  1225 | D:2      | Reached skill level 5 in Conjurations
  1225 | D:2      | Reached XP level 3. HP: 19/19 MP: 2/10
  2198 | D:2      | Learned a level 2 spell: Searing Ray
  2270 | D:3      | Found a faded altar of an unknown god.
  2284 | D:3      | Found a transporter.
  2299 | D:3      | Reached XP level 4. HP: 24/24 MP: 5/12
  2304 | D:3      | Reached skill level 5 in Spellcasting
  2465 | D:3      | Noticed Grinder
  2575 | D:3      | Noticed a kobold brigand
  2575 | D:3      | Noticed a small abomination
  2585 | D:3      | Found a transporter.
  2680 | D:3      | Found a bloodstained altar of Trog.
  2684 | D:3      | Paralysed by Grinder for 4 turns
  2685 | D:3      | Noticed Terence
  2928 | D:3      | Killed Terence
  2929 | D:3      | Reached XP level 5. HP: 22/28 MP: 7/14
  3035 | D:3      | Killed Grinder
  3036 | D:3      | Reached skill level 6 in Spellcasting
  3036 | D:3      | Reached XP level 6. HP: 19/32 MP: 7/17
  3122 | D:3      | Noticed a toenail golem
  3143 | D:3      | Found a runed translucent door.
  3145 | D:3      | Noticed Crazy Yiuf
  3268 | D:3      | Noticed parrotman's ghost (weakling MiMo)
  3407 | D:4      | Found an iron altar of Okawaru.
  3438 | D:4      | Reached skill level 7 in Spellcasting
  3587 | D:4      | Found a white marble altar of Elyvilon.
  4361 | D:5      | Entered Level 5 of the Dungeon
  4458 | D:5      | Reached XP level 7. HP: 36/36 MP: 16/19
  4485 | D:5      | Found an ornate altar of the Wu Jian Council.
  4701 | D:5      | Reached skill level 8 in Spellcasting
  4917 | D:5      | Found a basalt altar of Yredelemnul.
  4951 | D:5      | Learned a level 4 spell: Fulminant Prism
  4956 | D:5      | Learned a level 4 spell: Iskenderun's Mystic Blast
  5252 | D:6      | Reached skill level 1 in Translocations
  5307 | D:6      | Reached skill level 9 in Spellcasting
  5335 | D:6      | Reached XP level 8. HP: 41/41 MP: 19/23
  5479 | D:6      | Reached skill level 5 in Translocations
  5479 | D:6      | Reached skill level 1 in Hexes
  5578 | D:6      | Found a sparkling altar of Nemelex Xobeh.
  5602 | D:6      | Found a shimmering blue altar of Sif Muna.
  5760 | D:6      | Reached skill level 5 in Hexes
  6226 | D:7      | Reached XP level 9. HP: 42/45 MP: 20/24
  6286 | D:7      | Noticed Duvessa
  6287 | D:7      | Noticed Dowan
  6293 | D:7      | Killed Duvessa
  6294 | D:7      | Killed Dowan
  6404 | D:7      | Found a staircase to the Ecumenical Temple.
  6615 | D:7      | Noticed Menkaure
  6622 | D:7      | Killed Menkaure
  6802 | Temple   | Entered the Ecumenical Temple
  6816 | Temple   | Became a worshipper of Vehumet
  7165 | D:8      | Reached skill level 10 in Spellcasting
  7358 | D:8      | Noticed a two-headed ogre
  7369 | D:8      | Killed a two-headed ogre
  7443 | D:8      | Reached XP level 10. HP: 50/50 MP: 13/26
  7517 | D:8      | Reached * piety under Vehumet
  7517 | D:8      | Offered knowledge of Sandblast by Vehumet.
  7801 | D:8      | Found a broken altar of Ashenzari.
  7900 | D:8      | Found a shimmering altar of Xom.
  8132 | D:8      | Noticed Erica
  8137 | D:8      | Reached skill level 11 in Spellcasting
  8148 | D:8      | Noticed Maurice
  8155 | D:8      | Killed Erica
  8156 | D:8      | Reached skill level 10 in Conjurations
  8158 | D:8      | Killed Maurice
  8159 | D:8      | Reached skill level 10 in Hexes
  8404 | D:8      | Found Dattef's Antique Weapon Emporium.
  8609 | D:9      | Noticed a sixfirhy
  8614 | D:9      | Killed a sixfirhy
  8615 | D:9      | Reached skill level 12 in Spellcasting
  8679 | D:9      | Found a glowing golden altar of the Shining One.
  8706 | D:9      | Noticed a soul eater
  8724 | D:9      | Killed a soul eater
  8927 | D:9      | Found a transporter.
  8927 | D:9      | Noticed a two-headed ogre
  8933 | D:9      | Found a bloodstained altar of Trog.
  8941 | D:9      | Noticed bmb222's ghost (novice VSNe)
  8942 | D:9      | Noticed a moth of wrath
  8952 | D:9      | Noticed a tengu warrior
  8953 | D:9      | Found a transporter.
  9185 | D:9      | Found a staircase to the Orcish Mines.
  9188 | D:9      | Found a sacrificial altar of Ru.
  9277 | D:9      | Reached XP level 11. HP: 54/54 MP: 21/29
  9315 | D:9      | Identified a scroll of acquirement
  9315 | D:9      | Acquired a staff of air
  9398 | D:10     | Entered Level 10 of the Dungeon
  9398 | D:10     | Found a snail-covered altar of Cheibriados.
  9478 | D:10     | Found a hide-covered altar of Uskayaw.
  9490 | D:10     | Noticed a two-headed ogre
  9502 | D:10     | Killed a two-headed ogre
  9659 | D:10     | Found a staircase to the Lair.
  9727 | D:10     | Noticed an arcanist
  9731 | D:10     | Killed an arcanist
  9732 | D:10     | Reached skill level 13 in Spellcasting
  9738 | D:10     | Noticed a large abomination
  9738 | D:10     | Noticed a large abomination
  9738 | D:10     | Noticed a large abomination
  9743 | D:10     | Reached ** piety under Vehumet
  9743 | D:10     | Offered knowledge of Mercury Vapours by Vehumet.
  9746 | D:10     | Killed a large abomination
  9759 | D:10     | Killed a large abomination
  9765 | D:10     | Killed a large abomination
  9855 | D:10     | Identified the +4 flail of Zigho Gioph {speed, rC- Int+4}
  9956 | D:10     | Noticed a two-headed ogre
  9963 | D:10     | Killed a two-headed ogre
 10311 | D:10     | Reached skill level 14 in Spellcasting
 11879 | D:11     | Noticed a boulder beetle
 11894 | D:11     | Killed a boulder beetle
 12252 | D:12     | Reached XP level 12. HP: 35/59 MP: 25/32
 12379 | D:12     | Offered knowledge of Static Discharge by Vehumet.
 12490 | D:12     | Learned a level 5 spell: Lee's Rapid Deconstruction
 12497 | D:12     | Learned a level 6 spell: Bombard
 12559 | D:12     | Reached skill level 15 in Spellcasting
 12559 | D:12     | Reached skill level 1 in Earth Magic
 13296 | Lair:1   | Entered Level 1 of the Lair of Beasts
 13308 | Lair:1   | Reached skill level 5 in Earth Magic
 13526 | Orc:1    | Entered Level 1 of the Orcish Mines
 13654 | Orc:1    | Reached *** piety under Vehumet
 13709 | Orc:1    | Noticed an orc warlord
 13722 | Orc:1    | Killed an orc warlord
 13915 | Orc:2    | Entered Level 2 of the Orcish Mines
 13966 | Orc:2    | Offered knowledge of Flame Wave by Vehumet.
 14148 | Orc:2    | Found a burning altar of Makhleb.
 14155 | Orc:2    | Found a staircase to the Elven Halls.
 14199 | Orc:2    | Reached skill level 10 in Earth Magic
 14205 | Orc:2    | Noticed an ogre mage
 14213 | Orc:2    | Killed an ogre mage
 14214 | Orc:2    | Noticed a two-headed ogre
 14229 | Orc:2    | Killed a two-headed ogre
 14289 | Orc:2    | Noticed an ogre mage
 14302 | Orc:2    | Killed an ogre mage
 14302 | Orc:2    | Reached **** piety under Vehumet
 14303 | Orc:2    | Reached XP level 13. HP: 63/63 MP: 20/34
 14359 | Orc:2    | Offered knowledge of Irradiate by Vehumet.
 14840 | Orc:2    | Found Intef's Jewellery Shoppe.
 14926 | Orc:2    | Found Inouwkawn's Assorted Antiques.
 14959 | Orc:2    | Reached ***** piety under Vehumet
 15046 | Orc:2    | Offered knowledge of Conjure Ball Lightning by Vehumet.
 15065 | Orc:2    | Found Heroziall's Armour Emporium.
 15348 | Orc:2    | Bought a long glowing staff for 384 gold pieces
 15640 | Orc:1    | Found a runed translucent gate.
 15642 | Orc:1    | Found a runed translucent gate.
 15643 | Orc:1    | Found a runed translucent gate.
 15648 | Orc:1    | Noticed Zumaxt's ghost (adept DjMo)
 15648 | Orc:1    | Noticed Moomnono's ghost (journeyman BaWn)
 15649 | Orc:1    | Found the +4 skin of Zhor {*Englaciate rC+++ SInv}
 15661 | Orc:1    | Reached skill level 10 in Dodging
 15784 | Orc:1    | Found Giaranis's Jewellery Boutique.
 16058 | D:3      | Found a one-way gate to the infinite horrors of the Abyss.
 16064 | D:3      | Killed parrotman's ghost
 16109 | D:3      | Got Lugonu's Spellbook of the Jaunt
 16113 | D:3      | Learned a level 2 spell: Passwall
 16306 | D:9      | Killed bmb222's ghost
 27105 | Lair:2   | Reached XP level 14. HP: 68/68 MP: 18/35
 27200 | Lair:2   | Reached skill level 16 in Spellcasting
 27644 | Lair:2   | Found a staircase to the Snake Pit.
 27675 | Lair:2   | Found a frozen archway.
 27684 | IceCv    | Entered an ice cave
 27896 | IceCv    | Identified the +6 short sword of Valiance {heavy, *Slow
                  | rF+++ rN+ Int+3}
 28742 | Lair:3   | Noticed Rupert
 28763 | Lair:3   | Killed Rupert
 28764 | Lair:3   | Reached skill level 17 in Spellcasting
 28853 | Lair:3   | You fall into a shaft and drop 1 floor!
 29173 | Lair:4   | Reached skill level 15 in Conjurations
 29192 | Lair:4   | Offered knowledge of Ozocubu's Refrigeration by Vehumet.
 29479 | Lair:4   | Found a staircase to the Slime Pits.
 29479 | Lair:4   | Found a viscous altar of Jiyva.
 29826 | Lair:4   | Reached skill level 18 in Spellcasting
 30158 | Lair:4   | Got the Handbook of the Metamorphic Icicle
 30271 | Lair:4   | Reached XP level 15. HP: 72/72 MP: 5/39
 30414 | Lair:4   | Learned a level 4 spell: Summon Lightning Spire
 30456 | Lair:5   | Entered Level 5 of the Lair of Beasts
 30480 | Lair:5   | Noticed Sonja
 30492 | Lair:5   | Reached skill level 1 in Summonings
 30494 | Lair:5   | Killed Sonja
 30495 | Lair:5   | Reached skill level 1 in Air Magic
 30533 | Lair:5   | Found a shadowy altar of Dithmenos.
 30647 | Lair:5   | Offered knowledge of Orb of Destruction by Vehumet.
 30774 | Lair:5   | Reached skill level 19 in Spellcasting
 31179 | Lair:5   | Identified the +1 scale mail of the Hanged Man {Str-5
                  | Dex+7}
 31559 | Lair:3   | Reached skill level 5 in Summonings
 31634 | Lair:3   | Found a staircase to the Shoals.
 31655 | Lair:3   | Reached skill level 5 in Air Magic
 32827 | D:13     | You fall into a shaft and drop 1 floor!
 32857 | D:14     | Noticed Josephine
 32862 | D:14     | Offered knowledge of Spellforged Servitor by Vehumet.
 32862 | D:14     | Killed Josephine
 32879 | D:14     | Noticed Frances
 32883 | D:14     | Killed Frances
 33127 | D:14     | Noticed Louise
 33140 | D:14     | Killed Louise
 33191 | D:13     | Found a transporter.
 33411 | D:13     | Found the -2 hat of the Alchemist {rElec rPois rF+ rC+ rN+
                  | Will+ rMut rCorr}
 33412 | D:13     | Found a transporter.
 33664 | D:13     | Found a gate to the Vaults.
 33811 | D:13     | Learned a level 7 spell: Spellforged Servitor
 33951 | D:14     | Noticed a tengu reaver
 34043 | D:14     | Noticed a tengu reaver
 34067 | D:14     | Killed a tengu reaver
 34068 | D:14     | Reached XP level 16. HP: 76/76 MP: 31/41
 34077 | D:14     | Killed a tengu reaver
 34163 | D:14     | Identified the +0 robe of the Five Spines {rN+ Str+3}
 34311 | D:14     | Learned a level 8 spell: Discord
 34727 | D:15     | Entered Level 15 of the Dungeon
 34900 | D:15     | Reached skill level 10 in Summonings
 35148 | D:15     | Found a staircase to the Depths.
 35675 | D:15     | Learned a level 7 spell: Enfeeble
 35839 | Elf:1    | Entered Level 1 of the Elven Halls
 35865 | Elf:1    | Reached skill level 15 in Hexes
 35887 | Elf:1    | Reached ****** piety under Vehumet
 36309 | Elf:1    | Offered knowledge of Iskenderun's Battlesphere by Vehumet.
 36346 | Elf:1    | Reached skill level 1 in Fighting
 37252 | Elf:1    | Acquired 921 gold pieces
 37674 | Snake:1  | Entered Level 1 of the Snake Pit
 37688 | Snake:1  | Reached skill level 1 in Shields
 37959 | Shoals:1 | Entered Level 1 of the Shoals
 38173 | Snake:1  | Reached XP level 17. HP: 86/86 MP: 33/42
 38382 | Snake:1  | Noticed Mlioglotl
 38390 | Snake:1  | Killed Mlioglotl
 38721 | Snake:2  | Offered knowledge of Plasma Beam by Vehumet.
 38811 | Snake:2  | Found a hazy altar of Hepliaklqana.
 38903 | Snake:2  | Found Noac Posh's Magic Scroll Boutique.
 38907 | Snake:2  | Found Viynaitz's Armour Shop.
 38907 | Snake:2  | Found Qutwiv's Assorted Antiques.
 38914 | Snake:2  | Found Guzesmi's Antique Weapon Shop.
 39166 | Snake:2  | Identified the amulet of Ejininokk {Faith ^Drain Regen+
                  | rCorr Int+3}
 39691 | Snake:2  | Bought the +3 salamander hide armour {Flames, rFlCloud rF++
                  | rC--} for 586 gold pieces
 39691 | Snake:2  | Found the +3 salamander hide armour {Flames, rFlCloud rF++
                  | rC--}
 40418 | Snake:3  | Reached skill level 20 in Spellcasting
 41237 | Snake:4  | Entered Level 4 of the Snake Pit
 41379 | Snake:4  | Offered knowledge of Maxwell's Capacitive Coupling by
                  | Vehumet.
 41499 | Snake:4  | Found Kaoxt's Armour Boutique.
 41502 | Snake:4  | Found Goarecod's Book Shop.
 41506 | Snake:4  | Found Fewif's Antique Armour Boutique.
 41622 | Snake:4  | Reached skill level 5 in Fighting
 42426 | Snake:4  | Learned a level 8 spell: Maxwell's Capacitive Coupling
 42436 | Snake:4  | Reached XP level 18. HP: 73/96 MP: 39/44
 42582 | Snake:4  | Got a serpentine rune of Zot
 43603 | Snake:4  | Bought a pair of embroidered boots for 262 gold pieces
 43828 | Vaults:1 | Entered Level 1 of the Vaults
 43835 | Vaults:1 | Reached skill level 5 in Shields
 43844 | D:13     | Reached skill level 1 in Armour
 44896 | Vaults:1 | Offered knowledge of Lehudib's Crystal Spear by Vehumet.
 44896 | Vaults:1 | Offered knowledge of Shatter by Vehumet.
 44896 | Vaults:1 | Offered knowledge of Chain Lightning by Vehumet.
 45217 | Vaults:1 | Reached skill level 5 in Armour
 46057 | Vaults:2 | Reached XP level 19. HP: 103/103 MP: 36/45
 46810 | Vaults:2 | Found a staircase to the Crypt.
 47431 | Vaults:3 | Noticed Xtahua
 48111 | Vaults:3 | Reached skill level 10 in Air Magic
 48145 | Vaults:3 | Killed Xtahua
 50032 | Vaults:4 | Found a transporter.
 50043 | Vaults:4 | Noticed an ancient lich
 50126 | Vaults:4 | Found a transporter.
 50456 | Vaults:4 | Found Suasyavu's Weapon Emporium.
 50474 | Vaults:4 | Reached XP level 20. HP: 108/108 MP: 37/46
 51373 | Vaults:5 | Entered Level 5 of the Vaults
 51378 | Vaults:5 | Noticed an ancient lich
 51390 | Vaults:5 | Noticed a golden dragon
 51429 | Vaults:5 | Identified the +1 chain mail of the First Snow {rC+ Int+6}
 51437 | Vaults:5 | Identified the amulet "Buzasiamm" {Regen+ Dex+4}
 51470 | Vaults:5 | Reached skill level 15 in Air Magic
 51472 | Vaults:5 | Killed an ancient lich
 51997 | Vaults:5 | Reached XP level 21. HP: 112/112 MP: 14/47
 52024 | Vaults:5 | Killed a golden dragon
 52297 | Vaults:5 | Noticed a dread lich
 52303 | Vaults:5 | Killed a dread lich
 52383 | Vaults:5 | Noticed an ancient lich
 52389 | Vaults:5 | Killed an ancient lich
 52622 | Vaults:5 | Noticed a golden dragon
 52629 | Vaults:5 | Killed a golden dragon
 53023 | Vaults:5 | Got a silver rune of Zot
 53296 | Vaults:5 | Upgraded the game from 0.31-a0-1308-ga3cce3a448 to
                  | 0.31-a0-1321-g5021b54cb2
 53393 | Vaults:5 | Learned a level 9 spell: Chain Lightning
 53891 | Orc:1    | Killed Zumaxt's ghost
 53892 | Orc:1    | Killed Moomnono's ghost
 56015 | Shoals:3 | Noticed Ilsuiw
 56022 | Shoals:3 | Reached skill level 5 in Stealth
 56022 | Shoals:3 | Killed Ilsuiw
 56873 | Shoals:3 | Found Rimusye's Visitors' Centre.
 56880 | Shoals:3 | Found Rimusye's Merfolk Weapons.
 56880 | Shoals:3 | Found Rimusye's Merfolk Armours.
 57941 | Shoals:4 | Entered Level 4 of the Shoals
 58729 | Shoals:4 | Identified the +9 dagger of Blood-Lust {elec, rElec}
 58811 | Shoals:4 | Reached XP level 22. HP: 117/117 MP: 43/48
 58933 | Shoals:4 | Identified the +1 long sword "Loero" {drain, Dex+3}
 58941 | Shoals:4 | Got a barnacled rune of Zot
 59681 | Slime:1  | Entered Level 1 of the Pits of Slime
 60923 | Slime:3  | Reached skill level 10 in Shields
 61165 | Slime:4  | Reached skill level 10 in Stealth
 61418 | Slime:5  | Entered Level 5 of the Pits of Slime
 61455 | Slime:5  | Noticed the Royal Jelly
 61675 | Slime:5  | Reached skill level 15 in Dodging
 61983 | Slime:5  | Found a viscous altar of Jiyva.
 61993 | Slime:5  | Found the +7 hand cannon "Mule" {flame, backblast, rF+}
 62303 | Slime:5  | Killed the Royal Jelly
 62304 | Slime:5  | Reached skill level 21 in Spellcasting
 62376 | Slime:5  | Identified the ring "Niennuen" {*Slow +Blink AC+4 Int+2
                  | SInv}
 62381 | Slime:5  | Identified the +5 leather armour of the Morning Star {rElec
                  | rPois Will++}
 62448 | Slime:5  | Identified the ring "Bioniso" {rPois Will- rCorr Int-4
                  | Slay+6}
 62467 | Slime:5  | Got a slimy rune of Zot
 63743 | Crypt:1  | Entered Level 1 of the Crypt
 64135 | Crypt:1  | Reached skill level 22 in Spellcasting
 64433 | Crypt:1  | You are sucked into a shaft and drop 1 floor!
 64434 | Crypt:2  | Found the +3 giant club "Skullcrusher" {speed, Str+7}
 65658 | Crypt:2  | Reached XP level 23. HP: 121/121 MP: 40/51
 66265 | Snake:4  | Acquired 822 gold pieces
 66266 | Snake:4  | Acquired 753 gold pieces
 66556 | Crypt:3  | Entered Level 3 of the Crypt
 66906 | Crypt:3  | Reached skill level 23 in Spellcasting
 67011 | Crypt:3  | Noticed Bai Suzhen
 67032 | Crypt:3  | Killed Bai Suzhen
 67267 | Crypt:3  | Identified the -2 pair of boots "Heipnyer" {rPois rF+ rC+
                  | Int+3}
 67432 | Crypt:3  | Noticed a dread lich
 67439 | Crypt:3  | Killed a dread lich
 67473 | Crypt:3  | Found a basalt altar of Yredelemnul.
 67543 | Crypt:3  | Identified the +9 orcbow of the Shining Light {speed, rN++
                  | Int+3}
 67679 | Crypt:3  | Reached skill level 24 in Spellcasting
 67857 | Crypt:3  | Found a staircase to the Tomb.
 67857 | Crypt:3  | Found the +5 demon whip "Spellbinder" {antimagic, disrupt,
                  | Will+}
 68506 | Depths:1 | Entered Level 1 of the Depths
 68686 | Depths:1 | Found a gateway to Hell.
 69002 | Depths:1 | Found a one-way gateway to a ziggurat.
 69025 | Depths:1 | Got the Octavo of Weird Rallying
 69091 | Depths:1 | Found a shimmering altar of Xom.
 69169 | Depths:1 | Found a glowing silver altar of Zin.
 69169 | Depths:1 | Found an iron altar of Okawaru.
 69171 | Depths:1 | Found a shimmering blue altar of Sif Muna.
 69171 | Depths:1 | Found a blossoming altar of Fedhas.
 69171 | Depths:1 | Found a radiant altar of Vehumet.
 69204 | Depths:1 | Reached skill level 25 in Spellcasting
 69328 | Depths:1 | Noticed Mara
 69337 | Depths:1 | Killed Mara
 69559 | Depths:1 | Found a shimmering blue altar of Sif Muna.
 70066 | Depths:2 | Reached skill level 26 in Spellcasting
 70111 | Depths:2 | Noticed a juggernaut
 70161 | Depths:2 | Killed a juggernaut
 70226 | Depths:2 | Noticed a juggernaut
 70288 | Depths:2 | Noticed a juggernaut
 70299 | Depths:2 | Killed a juggernaut
 70483 | Depths:2 | Identified the +5 scale mail of Impressiveness {Rampage}
 70575 | Depths:2 | Killed a juggernaut
 70805 | Depths:2 | Reached skill level 27 in Spellcasting
 70806 | Depths:2 | Reached XP level 24. HP: 127/127 MP: 15/56
 71293 | Depths:2 | Found a one-way gate leading to the halls of Pandemonium.
 71992 | Depths:3 | Got the Excursus on the Coruscating Pyromaniac
 72121 | Depths:3 | Found a runed translucent gate.
 72121 | Depths:3 | Found a runed translucent gate.
 72121 | Depths:3 | Found a runed translucent gate.
 72122 | Depths:3 | Found an opulent altar of Gozag.
 72124 | Depths:3 | Found Qehod's Assorted Antiques.
 72124 | Depths:3 | Noticed Fiun's ghost (veteran GnWn)
 72125 | Depths:3 | Found Doptidi's Assorted Antiques.
 72936 | Depths:3 | Got Sif Muna's Tractate on Charnel Earth
 73273 | Depths:3 | Killed Fiun's ghost
 73426 | Depths:3 | Bought a scroll of blinking for 300 gold pieces
 73461 | Depths:4 | Entered Level 4 of the Depths
 73529 | Depths:4 | Noticed Boris
 73554 | Depths:4 | Killed Boris
 74085 | Depths:4 | Noticed the Enchantress
 74087 | Depths:4 | Killed the Enchantress
 74100 | Depths:4 | Slain by a spriggan defender

Illustrated notes

Levels and vault maps discovered:
D:1:      erik_arrival_triangle_large, layout_basic
D:2:      layout_basic, serial_co_window_serial, co_window_corner_a,
          co_window_of_opportunity_a, co_window_paths_a, co_window_paths_a,
          co_window_of_opportunity_a, co_window_corner_b,
          co_window_of_opportunity_b, co_window_unsneaky_path_b,
          co_window_broadway_a, minmay_goblin_outpost
D:3:      layout_basic, mainiacjoe_overflow_small_starburst,
          gammafunk_ghost_abyssal_escape,
          shapermc_ecumenical_altar_mp_urbaneastern, hangedman_feature_mirror,
          uniq_crazy_yiuf_cottage, uniq_grinder, uniq_terence
D:4:      layout_basic, mainiacjoe_overflow_cross_hatched,
          mainiacjoe_overflow_boulevard
D:5:      layout_loops_ring, mainiacjoe_overflow_paths,
          pdpol_wu_jian_five_deadly_venoms, minmay_crystal_room
D:6:      kennysheep_six_static_rooms, layout_loops_ring,
          mainiacjoe_overflow_six_doors_small, overflow_temple_1_default
D:7:      layout_loops_cross, minmay_temple_entry_overgrown, uniq_menkaure,
          uniq_duvessa
D:8:      layout_basic, old_standard_altar, kennysheep_mini, serial_shops, shop,
          minmay_circle_x, uniq_erica, uniq_maurice
D:9:      layout_roguey, tso_oasis_becter, lemuel_crystal_altar, orc_0_dummy,
          serial_glass, glass_columns_a, glass_columns_c, glass_columns_b,
          glass_columns_c, glass_columns_a, glass_columns_b, glass_columns_c,
          glass_columns_a, glass_columns_a, glass_columns_a, glass_columns_b,
          glass_columns_c, glass_columns_c, glass_columns_a,
          gammafunk_ghost_wrathful_warriors, serial_library_hellmonk_hallway_a,
          nicolae_demonic_statue_gallery
D:10:     layout_stronghold, old_standard_altar, nicolae_overflow_hidden_temple,
          david_lair_generic, enter_bailey_1, laboratory
D:11:     layout_roguey, nicolae_two_hexagons
D:12:     layout_loops_corners, hangedman_decor_riveting
D:13:     gammafunk_worm_tunnel, layout_cave_pools, ximxim_vaults_locker_room
D:14:     layout_cave_pods, grunt_decor_junction, minmay_radiant, uniq_frances,
          uniq_josephine, uniq_louise
D:15:     hangedman_depths_entry_try_elsewhere_first, layout_basic,
          minivault_25, minmay_fractal_squares_5
Temple:   corrupted_temple
Lair:1:   layout_gridlike, beast_lair_carwin_10
Lair:2:   layout_regular_city, minmay_snake_entry_guardpost_small,
          portal_ice_cave_entry_pillars_1, beast_lair_carwin_2
Lair:3:   lemuel_ratsnest, layout_regular_city, minmay_shoals_entry_centaurs,
          forest_entry_grove, uniq_rupert
Lair:4:   nzn_winding_woodlands_stair_trap
          [nzn_winding_woodlands_5x15_lazy_stream,
          nzn_winding_woodlands_5x15_concentric,
          nzn_winding_woodlands_5x15_sawtooth,
          nzn_winding_woodlands_15x15_five_gardens,
          nzn_winding_woodlands_5x15_zeroes,
          nzn_winding_woodlands_5x15_river_crossing,
          nzn_winding_woodlands_5x15_longhouse], layout_regular_city,
          slime_entry_1
Lair:5:   minmay_lair_end_frog_pond, layout_misc_corridors,
          gauntlet_entry_generic, basic_altar, chequers_serial_rivers_micro_b,
          uniq_sonja
Shoals:1: cheibrodos_shoals_baths, layout_shoals
Shoals:2: layout_shoals
Shoals:3: nicolae_shoals_mermall, layout_shoals, nicolae_shoals_so_close,
          uniq_ilsuiw
Shoals:4: shoals_end_hellmonk_lost_city
Snake:1:  layout_basic, uniq_mlioglotl
Snake:2:  layout_cave_town, lemuel_altar_in_water2, minmay_shoptagon,
          serial_bayou_shore_a
Snake:3:  layout_cave_town, hangedman_corner_corridor
Snake:4:  minmay_snake_end_coiled, layout_misc_corridors, minmay_shop_star
Slime:1:  layout_caves, cheibrodos_slime_lost_civilization_5
Slime:2:  layout_caves
Slime:3:  layout_caves
Slime:4:  layout_caves, nicolae_slime_crime_time
Slime:5:  slime_pit_nicolae_jellycorners
Orc:1:    layout_caves, gammafunk_ghost_cemetery, serial_shops,
          nicolae_shop_behind_doors
Orc:2:    st_orc_town, layout_caves, bloody_makhleb
Elf:1:    nicolae_elf_arrival_no_cutting_in_line, layout_onion_city
Vaults:1: v_rooms_5, nicolae_vaults_lightning_bolt, nicolae_vaults_tangram_2,
          v_misc_18, vaults_dpeg_emergency_exit, nicolae_vaults_network_star,
          vaults_room_large_hall, nicolae_vaults_tetromino_Z_2,
          nicolae_vaults_trapezoid_1, vaults_dpeg_diagonal,
          ontoclasm_vaults_twist, special_room_vaults [special_room_orc],
          layout_vaults_big_room
Vaults:2: hangedman_vaults_nails, minmay_crypt_entry_nasty_monster, v_misc_14,
          v_misc_8, grunt_vaults_diagonal, nicolae_vaults_ninety_degrees,
          nicolae_vaults_cochlea, v_misc_26, nicolae_vaults_tetromino_Z_1,
          hangedman_vaults_locks, nicolae_vaults_trapezoid_4, v_pattern_4,
          nicolae_vaults_double_plus_1, nicolae_vaults_murder_corner,
          nicolae_vaults_alarming, layout_vaults_omnibox
Vaults:3: nicolae_vaults_shipping_containers_2, nicolae_vaults_asterisk,
          v_misc_12, vaults_room_door_hall, nicolae_vaults_heart-shaped_vault,
          nicolae_vaults_cornered_office, nicolae_vaults_surprise_closet,
          nicolae_vaults_storage_room_glass, layout_vaults_omnigrid, uniq_xtahua
Vaults:4: nicolae_vaults_octothorpe, hangedman_vaults_maws,
          vaults_mumra_chevron_long, gammafunk_the_bubble
          [the_bubble_gammafunk_crates], v_misc_2, nicolae_vaults_sightless_eye,
          nicolae_vaults_wrenched, hangedman_vaults_maws,
          vaults_room_stairs_pillars, layout_vaults_omnicross, serial_shops,
          nicolae_shop_bloodbath_and_beyond
Vaults:5: serial_shops
Crypt:1:  layout_misc_corridors, st_stairs_7
Crypt:2:  layout_chaotic_city, nicolae_crypt_small_crypt,
          minmay_guarded_unrand_skullcrusher
Crypt:3:  cryptofortress_bobbens, uniq_bai_suzhen
Depths:1: kennysheep_blocky_hall, layout_gridlike, enter_ziggurat_b,
          doesnt_xom_only_xom, hell_entry, nicolae_sif_muna_little_library,
          uniq_mara
Depths:2: cheibrodos_leafed_vault, layout_honeycomb, hell_entry,
          rand_demon_pan_entry_7, abyss_entry, minmay_holes,
          serial_bayou_shore_b, minmay_staircase_windowed_small
Depths:3: minmay_haunted_quarter, layout_gridville, hell_entry,
          ebering_ghost_gozag, abyss_entry, kennysheep_nub,
          rand_demon_pan_entry_1
Depths:4: grunt_zot_entry_gee_three, layout_gridlike, lemuel_tele_altar,
          abyss_entry, hell_entry, drop_trap, nrook_uturn,
          chequers_serial_rivers_micro_a, small_chamber_with_monster,
          uniq_enchantress, uniq_boris, uniq_margery

Skill      XL: |  1  2  3  4  5  6  7  8  9 10 11 12 13 14 15 16 17 18 19 20 21 22 23 24 |
---------------+-------------------------------------------------------------------------+-----
Spellcasting   | 4 5 6 7 9 10 12 14 15 18 19 20 22 27 | 27.0
Conjurations   | 5 6 7 8 9 11 12 13 15 16 17 18 19 | 19.0
Translocations | 2 5 |  5.0
Hexes          | 7 9 11 13 16 17 19 21 | 21.3
Dodging        | 6 12 13 15 | 15.0
Earth Magic    | 10 12 | 12.0
Summonings     | 8 10 | 10.0
Air Magic      | 7 8 9 11 16 18 19 20 21 | 21.7
Fighting       | 2 5 6 |  6.0
Shields        | 1 4 6 8 9 10 | 10.0
Armour         | 6 8 |  8.0
Stealth        | 7 10 | 10.0

Action                     |  1- 3 |  4- 6 |  7- 9 | 10-12 | 13-15 | 16-18 | 19-21 | 22-24 || total
---------------------------+-------+-------+-------+-------+-------+-------+-------+-------++-------
  Melee: Staff             |       |       |       |       |     1 |       |       |       ||     1
   Fire: Sling             |     3 |    65 |    43 |    43 |       |       |       |       ||   154
   Cast: Magic Dart        |    63 |       |       |       |       |       |       |       ||    63
         Searing Ray       |     4 |    29 |    62 |    38 |     2 |       |       |       ||   135
         Fulminant Prism   |       |       |    16 |   164 |   236 |   209 |   275 |   101 ||  1001
         Iskenderun's Myst |       |       |     2 |    38 |   124 |    57 |    62 |    34 ||   317
         Bombard           |       |       |       |       |   215 |   262 |   246 |   338 ||  1061
         Lee's Rapid Decon |       |       |       |       |    11 |     5 |    13 |    72 ||   101
         Summon Lightning  |       |       |       |       |     2 |       |       |       ||     2
         Spellforged Servi |       |       |       |       |       |    67 |    91 |   132 ||   290
         Enfeeble          |       |       |       |       |       |     2 |    30 |    42 ||    74
         Discord           |       |       |       |       |       |       |    17 |    55 ||    72
         Maxwell's Capacit |       |       |       |       |       |       |       |     1 ||     1
         Chain Lightning   |       |       |       |       |       |       |       |    19 ||    19
    Use: Scroll            |     5 |     5 |     5 |    12 |     5 |     3 |    11 |    14 ||    60
         Potion            |       |       |       |     2 |     4 |     6 |    13 |    12 ||    37
 Armour: Robe              |     2 |    56 |    34 |    55 |    94 |    26 |       |       ||   267
         Leather armour    |       |       |       |       |       |    57 |   118 |    49 ||   224
         Animal skin       |       |       |       |       |       |       |       |    41 ||    41
  Dodge: Dodged            |     2 |    97 |    39 |    55 |    57 |    46 |    37 |    33 ||   366
  Block: Buckler           |       |       |       |       |       |    11 |    31 |    14 ||    56
         Reflection        |       |       |       |       |       |       |    11 |     1 ||    12
         Kite shield       |       |       |       |       |       |       |       |     3 ||     3

Table legend: (Time is in decaauts)
 A = Elapsed time spent in this place.
 B = Non-inter-level travel time spent in this place.
 C = Inter-level travel time spent in this place.
 D = Time resting spent in this place.
 E = Time spent auto-exploring this place.
 F = Levels seen in this place.
 G = Mean time per level.
                   A        B        C        D        E       F      G
               +--------+--------+--------+--------+--------+-----+--------+
         Total |  74593 |  64638 |   9955 |  10862 |  44202 |  50 | 1491.9 |
       Dungeon |  28920 |  24734 |   4186 |   9951 |  12504 |  15 | 1928.0 |
        Temple |     28 |      2 |     26 |      0 |      0 |   1 |   28.0 |
          Lair |   7365 |   5981 |   1384 |    381 |   4535 |   5 | 1473.0 |
        Shoals |   4785 |   4458 |    327 |     29 |   3715 |   4 | 1196.2 |
     Snake Pit |   5291 |   4772 |    519 |      0 |   3988 |   4 | 1322.8 |
    Slime Pits |   3763 |   3194 |    569 |    208 |   2470 |   5 |  752.6 |
  Orcish Mines |   2711 |   2181 |    530 |     21 |   1617 |   2 | 1355.5 |
   Elven Halls |   1543 |   1406 |    137 |      0 |   1180 |   1 | 1543.0 |
        Vaults |  10186 |   8734 |   1452 |    208 |   6785 |   5 | 2037.2 |
         Crypt |   4124 |   3709 |    415 |      0 |   3059 |   3 | 1374.7 |
        Depths |   5601 |   5195 |    406 |     64 |   4229 |   4 | 1400.2 |
      Ice Cave |    271 |    271 |      0 |      0 |    118 |   1 |  271.0 |
               +--------+--------+--------+--------+--------+-----+--------+

Top non-repeatable levels by time:
    D:10: 12413 daAuts
Vaults:2: 2352 daAuts
Vaults:3: 2289 daAuts
Vaults:5: 2194 daAuts
Depths:2: 2021 daAuts
Depths:3: 1951 daAuts
 Crypt:3: 1804 daAuts
Vaults:1: 1804 daAuts
  Lair:4: 1798 daAuts
 Snake:3: 1769 daAuts
   Orc:2: 1705 daAuts
  Lair:3: 1641 daAuts
 Snake:4: 1636 daAuts
Shoals:3: 1569 daAuts
Vaults:4: 1545 daAuts
